 Dungeon Crawl Stone Soup version 0.17.0-1-g61d176b (webtiles) character file.

233 kosy22 the Ducker (level 5, 0/53 HPs)
             Began as a Troll Fighter on Nov 7, 2015.
             Slain by an orc wizard
             ... wielding a +0 dagger
              (5 damage)
             ... on level 3 of the Dungeon.
             The game lasted 00:07:59 (2014 turns).

kosy22 the Ducker (Troll Fighter)                   Turns: 2014, Time: 00:08:00

Health: 0/53       AC:  5    Str: 25      XL:     5   Next: 74%
Magic:  4/4        EV:  8    Int:  7      God:
Gold:   152        SH:  8    Dex:  7 (9)  Spells: 0 memorised, 4 levels left

rFire  . . .     SeeInvis .       - Unarmed
rCold  . . .     Clarity  .     a - +0 robe
rNeg   . . .     SustAt   .     b - +0 shield
rPois  .         Gourm    +     (helmet restricted)
rElec  .         Spirit   .     (no cloak)
rCorr  .         Warding  .     (gloves unavailable)
rMut   .         Stasis   .     (boots unavailable)
MR     .....                    (no amulet)
Stlth  +.........               (no ring)
                                h - +3 ring of intelligence

@: not resistant to hostile enchantments, very unstealthy
A: unfitting armour, claws 3, fast metabolism 3, gourmand, regeneration 2,
shaggy fur 1, tough skin 2
a: no special abilities


You were on level 3 of the Dungeon.
You were not hungry.

You visited 1 branch of the dungeon, and saw 3 of its levels.

You collected 152 gold pieces.

Inventory:

Missiles
 e - 7 curare-tipped needles
Armour
 a - a +0 robe (worn)
 b - a +0 shield (worn)
Jewellery
 h - a +3 ring of intelligence (left claw)
Wands
 o - a wand of slowing (23)
 p - a wand of random effects (5)
Scrolls
 f - a scroll of remove curse
 g - a scroll of teleportation {unknown}
 j - a scroll of recharging {unknown}
 q - a scroll of identify
 r - a scroll of enchant weapon
Potions
 c - 4 potions of might
 i - a potion of brilliance {unknown}
 k - a potion of magic {unknown}
Comestibles
 d - 2 bread rations
 m - 5 fruits
 n - a meat ration


   Skills:
 + Level 3.2 Fighting
 + Level 3.6 Dodging
 + Level 0.1 Stealth
 + Level 3.1 Shields
 + Level 3.3 Unarmed Combat
 + Level 0.7 Evocations


You had 4 spell levels left.
You didn't know any spells.

Dungeon Overview and Level Annotations

Branches:
Dungeon (3/15)

Altars:


Innate Abilities, Weirdness & Mutations

You are too large for most types of armour.
You have claws for hands.
Your metabolism is lightning-fast.
You like to eat raw meat.
You heal very quickly.
You are covered in fur (AC +1).
You have very tough skin (AC +2).


Message History

The orc wizard hits you but does no damage.
Drink which item? (? for menu, Esc to quit)
You feel better.
The orc wizard gestures wildly while chanting.
The orc wizard flickers and vanishes!
Deactivating autopickup; reactivate with Ctrl-A.
The hobgoblin hits you with a club.
* * * LOW HITPOINT WARNING * * *
The orc barely misses you.
Read which item? (? for menu, Esc to quit)
Okay, then.
Eat which item? (? for menu, Esc to quit)
You hear some strange, mumbled words.
A puff of flame appears from out of thin air!
The puff of flame hits you!
* * * LOW HITPOINT WARNING * * *
You block the hobgoblin's attack. The orc hits you but does no damage.
You continue eating.
Something hits you.
You die...

♣.PP. ♣♣PP. ♣♣♣. ♣#
### ##
###############.# #.
#...@{o))....##.# #.
#...go##.###.##.####.
#.........##.#......).
#.[.......###......##.
#.........# ###...###.
#.........# ##>## ##
#...<.....# #.#
#.........# #.# ##'##
#


You could see 2 orcs and a hobgoblin.

Vanquished Creatures
  An ogre (D:3)
  Jessica (D:3)
  Natasha (twice) (D:3)
  4 adders
  An ooze (D:2)
  A worm (D:2)
  A giant gecko (D:1)
  An orc (D:3)
  4 bats
  3 giant cockroaches
  4 goblins
  8 hobgoblins
  4 jackals (D:1)
  3 giant newts
  9 kobolds
  7 rats
54 creatures vanquished.

Notes
Turn   | Place    | Note
--------------------------------------------------------------
     0 | D:1      | kosy22 the Troll Fighter began the quest for the Orb.
     0 | D:1      | Reached XP level 1. HP: 22/22 MP: 0/0
   176 | D:1      | Reached XP level 2. HP: 26/29 MP: 1/1
   844 | D:2      | Reached skill level 3 in Dodging
   844 | D:2      | Reached XP level 3. HP: 36/36 MP: 2/2
  1294 | D:2      | Reached XP level 4. HP: 39/44 MP: 3/3
  1645 | D:3      | Noticed Jessica
  1647 | D:3      | Killed Jessica
  1684 | D:3      | Noticed Natasha
  1760 | D:3      | Killed Natasha
  1800 | D:3      | Noticed Natasha
  1803 | D:3      | Killed Natasha
  1881 | D:3      | Reached XP level 5. HP: 47/53 MP: 4/4
  1983 | D:3      | Noticed an ogre
  1988 | D:3      | Killed an ogre
  2010 | D:3      | HP: 1/53 [orc/short sword (2)]
  2014 | D:3      | Slain by an orc wizard

Action                   |  1- 3 |  4- 6 || total
-------------------------+-------+-------++-------
Melee: Unarmed           |   124 |    53 ||   177
Evoke: Wand              |     1 |    12 ||    13
  Use: Potion            |     3 |     3 ||     6
       Scroll            |     2 |     3 ||     5
  Eat: Chunk             |    12 |     2 ||    14
       Bread ration      |       |     1 ||     1
